 Dungeon Crawl Stone Soup version 0.19-a0-1740-g0bcaf2e (webtiles) character file.

13789 Charly the Eclecticist (level 11, -26/54 HPs)
             Began as a Deep Elf Fire Elementalist on Oct 2, 2016.
             Was a High Priest of Sif Muna.
             Killed from afar by an ice dragon (35 damage)
             ... with a blast of cold
             ... on level 15 of the Dungeon.
             The game lasted 01:02:34 (2938 turns).

Charly the Eclecticist (Deep Elf Fire Elementalist) Turns: 2938, Time: 01:02:35

Health: -26/54     AC:  7    Str:  5    XL:     11   Next: 80%
Magic:  0/32       EV: 13    Int: 24    God:    Sif Muna [*****.]
Gold:   376        SH:  0    Dex: 15    Spells: 7 memorised, 18 levels left

rFire  + . .     SeeInvis .     h - staff of fire
rCold  . . .     Gourm    .     a - +0 robe
rNeg   . . .     Faith    .     (no shield)
rPois  .         Spirit   .     (no helmet)
rElec  .         Dismiss  .     p - +1 cloak
rCorr  .         Reflect  .     (no gloves)
MR     +....     Harm     .     (no boots)
Stlth  +.........               k - amulet of regeneration (curse)
                                d - ring of loudness (curse)
                                n - +3 ring of protection

@: no casting
A: no striking features
a: Stop Divine Energy, Channel Magic, Forget Spell, Renounce Religion


You were on level 15 of the Dungeon.
You worshipped Sif Muna.
Sif Muna was extremely pleased with you.
You were near starving.

You visited 1 branch of the dungeon, and saw 15 of its levels.
You also visited: Ice Cave.

You collected 376 gold pieces.

Inventory:

Armour
 a - a +0 robe (worn)
 p - a +1 cloak (worn)
Magical Staves
 h - an uncursed staff of fire (weapon)
Jewellery
 d - a cursed ring of loudness (right hand)
 g - an uncursed amulet of faith
 k - a cursed amulet of regeneration (around neck)
 n - a +3 ring of protection (left hand)
 q - a +2 ring of dexterity
 C - an uncursed ring of resist corrosion
Wands
 i - a wand of polymorph (10/24)
 v - a wand of digging (12/24)
Scrolls
 j - a scroll of magic mapping
 o - a scroll of recharging
Potions
 b - a potion of curing
Books
 e - Sif Muna's Collected Works on Attacks and the Traveller
   (Sif Muna gifted it to you on level 14 of the Dungeon)

   Spells                             Type                      Level
   a - Apportation                    Translocation                1
   b - Throw Flame                    Conjuration/Fire             2
   c - Orb of Destruction             Conjuration                  7
   d - Lehudib's Crystal Spear        Conjuration/Earth            8
   e - Controlled Blink               Translocation                8
 t - a book of Enchantments

   Spells                             Type                      Level
   a - Cause Fear                     Hexes                        4
   b - Yara's Violent Unravelling     Hexes/Transmutation          5
   c - Silence                        Hexes/Air                    5
   d - Deflect Missiles               Charms/Air                   6
   e - Haste                          Charms                       6
   f - Discord                        Hexes                        8
Comestibles
 c - 4 bread rations
 m - 2 meat rations


   Skills:
 - Level 2.4 Dodging
 - Level 2.4 Stealth
 * Level 15.3 Spellcasting
 * Level 13.1 Conjurations
 - Level 8.4 Fire Magic
 + Level 4.4 Invocations


You had 18 spell levels left.
You knew the following spells:

 Your Spells              Type           Power        Failure   Level  Hunger
a - Apportation           Tloc           ###.......   3%          1    None
b - Summon Butterflies    Summ           ###.....     3%          1    None
c - Conjure Flame         Conj/Fire      #######.     1%          3    None
f - Flame Tongue          Conj/Fire      #####        1%          1    None
o - Orb of Destruction    Conj           ######....   14%         7    ######.
s - Sticky Flame          Conj/Fire      #######.     1%          4    None
B - Fireball              Conj/Fire      #######...   1%          5    ##.....


Dungeon Overview and Level Annotations

Branches:
Dungeon (15/15)            Temple (0/1) D:7            Lair (0/6) D:11
    Orc: D:9-12      Vaults: D:13-14     Depths: D:15

Altars:
Sif Muna

Annotations:
D:3 exclusion: downstairs, Sigmund
D:11 exclusion: downstairs
D:12 exclusion: downstairs
D:13 exclusion: upstairs


Message History

You hear a deafening roar!
Unknown command.
The orb of destruction hits the ice dragon.
The ice dragon is heavily wounded.
Okay, then.
Okay, then.
You regain access to your magic.
Found an escape hatch in the ceiling.
Casting: Orb of Destruction
Confirm with . or Enter, or press ? or * to list all spells.
Aiming: Orb of Destruction
Press: ? - help, Shift-Dir - straight line, f/p - ice dragon
Aim: an ice dragon (heavily wounded)
You are near starving!
Sif Muna grants you divine energy.
You briefly lose access to your magic!
The ice dragon breathes frost at you. The blast of cold hits you!
Ouch! That really hurt!
You die...

....##.....#..+
.....#.....+..#
.....#######..# .
(...(......... ..
..............# ...
..............######....
................<.......
........................
................@.......
..#######.....*ยง........
.##.$$ ##..............
##..D. ##.............
...# #D########.... #
##.# .... ## ##..# ...
.########...# ##
....D...D...#


You could see an ice dragon.

Vanquished Creatures
  A tengu warrior (D:15)
  A deep troll (D:15)
  An unseen horror (D:15)
  2 hill giants
  5 ugly things
  A deep elf mage (D:14)
  3 cyclopes
  A centaur zombie (D:15)
  Psyche (D:12)
  3 centaur skeletons
  A komodo dragon (D:14)
  A freezing wraith (D:15)
  2 hippogriffs (D:8)
  A slime creature (D:13)
  A wyvern (D:12)
  2 yaks (D:13)
  A wraith (D:12)
  A water elemental (D:14)
  3 humans (D:15)
  An orc warrior (D:14)
  A phantom (D:12)
  A sky beast (D:14)
  8 ice beasts
  An eye of draining (D:14)
  A necrophage (D:12)
  2 ogres
  7 centaurs
  2 big kobolds
  3 bullfrogs
  A wyvern zombie (D:13)
  A scorpion (D:8)
  3 orc priests
  5 hounds
  2 orc wizards
  A jelly (D:15)
  A bullfrog skeleton (D:6)
  2 worker ants (D:8)
  6 adders
  A shadow imp (D:8)
  An adder skeleton (D:3)
  A dart slug (D:1)
  2 leopard geckos
  16 orcs
  2 giant cockroaches (D:3)
  5 goblins
  A hobgoblin (D:3)
  A jackal (D:3)
  4 kobolds
  2 quokkas
  2 bats
  A frilled lizard (D:3)
  A leopard gecko skeleton (D:3)
  4 rats
125 creatures vanquished.

Vanquished Creatures (collateral kills)
  A centaur warrior (D:12)
  An unseen horror (D:12)
  A hungry ghost (D:12)
  An orc warrior (D:12)
  An ice beast (D:12)
  An orc (D:12)
6 creatures vanquished.

Grand Total: 131 creatures vanquished

Notes
Turn   | Place    | Note
-------+----------+-------------------------------------------
     0 | D:1      | Charly the Deep Elf Fire Elementalist began the quest for the Orb.
     0 | D:1      | Reached XP level 1. HP: 10/10 MP: 6/6
    15 | D:1      | &
    15 | D:1      | 7
   181 | D:1      | Reached XP level 2. HP: 15/15 MP: 4/8
   191 | D:2      | Found a faded altar of an unknown god.
   318 | D:3      | Reached XP level 3. HP: 10/19 MP: 0/10
   325 | D:3      | Learned a level 3 spell: Conjure Flame
   363 | D:3      | Noticed Sigmund
   424 | D:4      | Noticed an ogre
   442 | D:4      | Killed an ogre
   442 | D:4      | Reached skill level 5 in Spellcasting
   442 | D:4      | Reached XP level 4. HP: 14/24 MP: 0/13
   448 | D:4      | Learned a level 4 spell: Sticky Flame
   459 | D:4      | Reached XP level 5. HP: 18/28 MP: 0/14
   603 | D:4      | Reached skill level 6 in Spellcasting
   630 | D:4      | Reached XP level 6. HP: 19/32 MP: 0/17
   647 | D:5      | Entered Level 5 of the Dungeon
   747 | D:5      | Learned a level 5 spell: Fireball
   835 | D:7      | Found a deep blue altar of Sif Muna.
   846 | D:7      | Became a worshipper of Sif Muna the Loreminder
   867 | D:7      | Reached skill level 5 in Conjurations
   877 | D:7      | Found a staircase to the Ecumenical Temple.
   910 | D:8      | Noticed a hippogriff
   948 | D:8      | Reached skill level 7 in Spellcasting
  1006 | D:8      | Reached XP level 7. HP: 21/36 MP: 5/19
  1028 | D:8      | Noticed a hippogriff
  1037 | D:8      | Killed a hippogriff
  1218 | D:8      | Reached skill level 8 in Spellcasting
  1232 | D:8      | Killed a hippogriff
  1232 | D:8      | Reached * piety under Sif Muna
  1288 | D:10     | Entered Level 10 of the Dungeon
  1294 | D:10     | staff fire
  1413 | D:9      | Reached skill level 9 in Spellcasting
  1413 | D:9      | Reached XP level 8. HP: 26/41 MP: 10/23
  1472 | D:11     | Found a frozen archway.
  1482 | IceCv    | Entered an ice cave
  1482 | IceCv    | Noticed a white ugly thing
  1496 | IceCv    | Reached ** piety under Sif Muna
  1496 | IceCv    | Reached skill level 10 in Spellcasting
  1500 | IceCv    | Killed a white ugly thing
  1500 | IceCv    | Reached skill level 5 in Fire Magic
  1500 | IceCv    | Reached XP level 9. HP: 5/45 MP: 5/25
  1503 | IceCv    | Learned a level 1 spell: Summon Butterflies
  1605 | D:11     | Noticed a hill giant
  1609 | D:11     | Reached skill level 11 in Spellcasting
  1616 | D:11     | Killed a hill giant
  1616 | D:11     | Reached *** piety under Sif Muna
  1656 | D:13     | Noticed a cyclops
  1674 | D:12     | Noticed a hill giant
  1764 | D:12     | Reached skill level 12 in Spellcasting
  1764 | D:12     | Reached skill level 10 in Conjurations
  1830 | D:12     | Killed a hill giant
  1830 | D:12     | Reached **** piety under Sif Muna
  1830 | D:12     | Reached XP level 10. HP: 46/50 MP: 15/28
  1835 | D:12     | Noticed Psyche
  1847 | D:12     | Killed Psyche
  1884 | D:12     | Noticed a centaur warrior
  1895 | D:12     | Killed a centaur warrior
  1895 | D:12     | Reached skill level 13 in Spellcasting
  1930 | D:12     | Noticed an unseen horror
  1939 | D:12     | Killed an unseen horror
  2098 | D:14     | Reached ***** piety under Sif Muna
  2123 | D:14     | Noticed a deep elf mage
  2124 | D:14     | Noticed a rakshasa
  2134 | D:14     | Killed a deep elf mage
  2134 | D:14     | Identified Sif Muna's Collected Works on Attacks and the Traveller (Sif Muna gifted it to you on level 14 of the Dungeon)
  2134 | D:14     | Received a gift from Sif Muna
  2161 | D:14     | Reached skill level 1 in Invocations
  2162 | D:14     | Noticed a brown ugly thing
  2268 | D:13     | Reached XP level 11. HP: 54/54 MP: 3/30
  2310 | D:14     | Reached skill level 14 in Spellcasting
  2330 | D:14     | Noticed a green ugly thing
  2331 | D:14     | Noticed a green ugly thing
  2352 | D:14     | Killed a green ugly thing
  2381 | D:14     | Noticed a green ugly thing
  2381 | D:14     | Noticed a green ugly thing
  2390 | D:14     | Killed a cyan ugly thing
  2404 | D:14     | Killed a purple ugly thing
  2411 | D:14     | Killed a red ugly thing
  2473 | D:14     | Learned a level 7 spell: Orb of Destruction
  2475 | D:14     | Learned a level 1 spell: Apportation
  2524 | D:15     | Entered Level 15 of the Dungeon
  2569 | D:15     | Noticed an unseen horror
  2571 | D:15     | Killed an unseen horror
  2606 | D:15     | Noticed a centaur warrior
  2634 | D:15     | Noticed a deep troll
  2636 | D:15     | Killed a deep troll
  2662 | D:15     | Reached skill level 15 in Spellcasting
  2717 | D:15     | Noticed a tengu warrior
  2740 | D:15     | Killed a tengu warrior
  2916 | D:15     | Noticed an ice dragon
  2926 | D:15     | HP: 2/54 [ice dragon/blast of cold (21)]
  2938 | D:15     | Killed from afar by an ice dragon

Vault maps used:
D:1:      dpeg_arrival_rhombus, grunt_decor_one_mirror, st_stairs_13
D:2:      wad_pebble_path, ecumenical_altar_1, first_bread
D:3:      kennysheep_generic_room_5, uniq_sigmund
D:4:      uniq_purgy, uniq_duvessa
D:6:      serial_shops, shop, basic_altar
D:7:      wad_river_or_something, basic_altar, uniq_prince_ribbit1
D:8:      blue_anna_alchemist, minmay_splitting_lines, minmay_bent
D:9:      david_orc_5
D:11:     lair_0_dummy, portal_ice_cave_entry_pillars_1, glass_columns_b,
          uniq_erolcha
D:12:     uniq_psyche
D:13:     einodemon_barbed_minivault, uniq_snorg
D:14:     grunt_vaults_entry_tiered, nicolae_water_bricks, basic_altar,
          lightli_church_of_beogh
D:15:     grunt_enter_depths_hoard, serial_bayou_pond_e
IceCv:    ice_cave_statue_garden_teleport

Skill      XL: |  1  2  3  4  5  6  7  8  9 10 11 |
---------------+----------------------------------+-----
Conjurations   | 2 3 4 5 7 8 10 11 13 | 13.1
Spellcasting   | 5 6 7 9 10 12 13 15 | 15.3
Fire Magic     | 5 6 8 |  8.4
Invocations    | 1 4 |  4.4
Dodging        | |  2.4
Stealth        | |  2.4

Action                   |  1- 3 |  4- 6 |  7- 9 | 10-12 || total
-------------------------+-------+-------+-------+-------++-------
Melee: Unarmed           |     9 |     7 |    17 |       ||    33
       Staff             |       |       |     8 |    34 ||    42
 Cast: Flame Tongue      |    42 |    51 |    43 |    35 ||   171
       Sticky Flame      |       |     3 |    15 |    31 ||    49
       Conjure Flame     |       |     1 |     2 |     5 ||     8
       Fireball          |       |       |     7 |    29 ||    36
       Orb of Destructio |       |       |       |     6 ||     6
Invok: Divine Energy     |       |       |     1 |       ||     1
       Channel Magic     |       |       |       |     1 ||     1
Evoke: Sack of spiders   |       |       |     1 |     1 ||     2
       Wand              |       |       |     1 |     5 ||     6
  Use: Scroll            |       |     2 |    15 |     5 ||    22
       Potion            |       |       |     8 |     4 ||    12
  Eat: Pizza             |       |     2 |       |     1 ||     3
       Fruit             |       |     1 |       |       ||     1
       Chunk             |       |       |     1 |     6 ||     7
Armor: Robe              |     4 |     2 |    31 |    42 ||    79
Dodge: Dodged            |    14 |    21 |    75 |    77 ||   187
